[Event "*** Titled Tuesday Blitz"]
[Site "Chess.com"]
[Date "2020.05.26"]
[Round "6"]
[White "abubakrtagelsir"]
[Black "talman67"]
[Result "0-1"]
[WhiteElo "2312"]
[BlackElo "2557"]
[TimeControl "180+1"]
[EndTime "11:05:28 PDT"]
[Termination "talman67 won by resignation"]

1. e4 e5 2. Nf3 Nc6 3. d4 exd4 4. Bc4 Nf6 5. e5 d5 6. Bb5 Ne4 7. Nxd4 Bd7 8. Bxc6 bxc6 9. O-O Be7 10. f3 Nc5 11. f4 O-O 12. f5 Re8 13. Nc3 Bg5 14. f6 Bxc1 15. Rxc1 Rxe5 16. fxg7 Qg5 17. Nf3 Qe3+ 18. Kh1 Bg4 19. Re1 Qxe1+ 20. Qxe1 Rxe1+ 21. Rxe1 Bxf3 22. gxf3 Kxg7 23. Re7 Ne6 24. Rd7 Kf8 25. Nxd5 cxd5 26. Rxd5 Rd8 27. Ra5 Rd1+ 28. Kg2 Rd2+ 29. Kg3 Rxc2 30. b3 Ke7 31. Rxa7 f5 32. Ra8 Kf6 33. h4 f4+ 34. Kh3 Rf2 0-1

[Event "*** Titled Tuesday Blitz"]
[Site "Chess.com"]
[Date "2020.05.26"]
[Round "6"]
[White "miruna_daria28"]
[Black "Ariadna_Atreides"]
[Result "1-0"]
[WhiteElo "2267"]
[BlackElo "2068"]
[TimeControl "180+1"]
[EndTime "11:05:28 PDT"]
[Termination "miruna_daria28 won by checkmate"]

1. e4 c5 2. Nf3 d6 3. d4 cxd4 4.
Nxd4 Nf6 5. Nc3 Nc6 6. Bg5 e6 7.
f3 a6 8. Qd2 Bd7 9. O-O-O Be7 10.
h4 Qc7 11. g4 b5 12. Kb1 Na5 13. Be3 Nc4 14. Bxc4 Qxc4 15. h5 h6 16. g5 hxg5 17. Bxg5 b4 18. Nce2 Bb5 19. h6 gxh6 20.
Rxh6 Rxh6 21. Bxh6 e5 22. Nf5 Qxe2 23. Nxd6+ Bxd6 24. Qxd6 Rc8 25. Qf8# 1-0

[Event "*** Titled Tuesday Blitz"]
[Site "Chess.com"]
[Date "2020.05.26"]
[Round "6"]
[White "PetrolulSah"]
[Black "MidnightFox"]
[Result "0-1"]
[WhiteElo "2207"]
[BlackElo "2405"]
[TimeControl "180+1"]
[EndTime "11:05:30 PDT"]
[Termination "MidnightFox won by resignation"]

1. d4 Nf6 2. c4 g6 3. Nc3 d5 4.
cxd5 Nxd5 5. e4 Nxc3 6. bxc3 Bg7 7. Bc4 c5 8. Ne2 O-O 9. O-O Nc6 10. Be3 Bg4 11. f3 Bd7 12. dxc5 Qc7 13. Bd5 Rfd8 14. Rb1 e6 15. Bf4 Qa5 16. Bb3 Qxc5+ 17. Kh1 Ne5 18.
Qd4 Qa5 19. Qb4 Qa6 20. Nd4 Nd3 21. Bc4 Nxb4 22. Bxa6 Nxa6 23. Rxb7 Ba4 24. e5 Nc5 25. Rc7 Rdc8 26. Rxc8+ Rxc8 27. h4 Nd3 28. Rb1 Nxf4 0-1

[Event "*** Titled Tuesday Blitz"]
[Site "Chess.com"]
[Date "2020.05.26"]
[Round "6"]
[White "AungTZ"]
[Black "TheBigBadChessDad"]
[Result "0-1"]
[WhiteElo "1988"]
[BlackElo "2239"]
[TimeControl "180+1"]
[EndTime "11:05:31 PDT"]
[Termination "TheBigBadChessDad won by resignation"]

1. e4 e5 2. Nf3 Nc6 3. d4 exd4 4. Nxd4 d6 5. Nc3 Nf6 6. Be2 Be7 7. O-O O-O 8. Be3 Re8 9. Re1 h6 10. h3 Bd7 11.
Bf1 Bf8 12. Qf3 g6 13. g4 Bg7 14. Rad1 a6 15. Qg2 b5 16. a3 Rb8 17. f4 b4 18.
axb4 Nxb4 19. Bc4 Qc8 20. Bf2 c5 21. Nb3 Nxc2 22. Rxd6 Nxe1 23. Bxe1 Bb5 24. Nxb5 axb5 25. Bd3 c4 26. Rxf6 Bxf6 27. Bc2 cxb3 28. Bxb3 Qc1 0-1

[Event "*** Titled Tuesday Blitz"]
[Site "Chess.com"]
[Date "2020.05.26"]
[Round "6"]
[White "Msb2"]
[Black "Alopekos"]
[Result "1-0"]
[WhiteElo "2863"]
[BlackElo "2512"]
[TimeControl "180+1"]
[EndTime "11:05:32 PDT"]
[Termination "Msb2 won by resignation"]

1. d4 Nf6 2. Nc3 d5 3. Bf4 Bf5 4. e3 e6 5. Bd3 Bxd3 6. cxd3 Bd6 7. Bg5 h6 8. Bh4 O-O 9. Nf3 c6 10. O-O a5 11. Rc1 Nbd7 12. Na4 e5 13. dxe5 Nxe5 14.
Nxe5 Bxe5 15. Qb3 Bxh2+ 16. Kxh2 Ng4+ 17. Kh3 Qd7 18. Nb6 Nxf2+ 19. Kg3 Qg4+ 20. Kxf2 Qxh4+ 21. Kg1 Rae8 22. Rf3 Rxe3 23. Rxe3 Qd4 24. Re1 Re8 25. Qc3 Qxb6 26. d4 1-0

[Event "*** Titled Tuesday Blitz"]
[Site "Chess.com"]
[Date "2020.05.26"]
[Round "6"]
[White "White_Ghost"]
[Black "mattcolins2025"]
[Result "1-0"]
[WhiteElo "2477"]
[BlackElo "2288"]
[TimeControl "180+1"]
[EndTime "11:05:32 PDT"]
[Termination "White_Ghost won by resignation"]

1. d4 Nf6 2. c4 g6 3. g3 Bg7 4. Bg2 O-O 5. Nc3 d6 6. Nf3 c6 7. O-O Qa5 8. e4 Bg4 9. h3 Bxf3 10. Bxf3 Nbd7 11. Bg2 e5 12. d5 cxd5 13. cxd5 Rfc8 14. Bd2 a6 15. Rc1 Qd8 16. Qe2 b5 17. Be3 Nb6 18. b3 Nfd7 19. Rc2 Rc7 20. Rfc1 Rac8 21. h4 Nc5 22.
Bh3 Rb8 23. h5 Ra7 24. Nb1 Nxe4 25. Bxb6 Nxg3 26. Bxd8 Nxe2+ 27. Rxe2 Rxd8 28. Rec2 Raa8 29. Rc8 Bh6 30. Rxa8 Rxa8 31. Rc8+ Rxc8 32. Bxc8 a5 33. Nc3 b4 34. Ne4 Bf8 35. Nd2 f5 36. Nc4 Kf7 37.
Nxa5 e4 38. Nc6 Kf6 39. Nxb4 Ke5 40. a4 Kd4 41. a5 Kc5 42. Nc6 e3 43. fxe3 Bh6 44.
Kf2 f4 45. exf4 Bxf4 46. b4+ Kxd5 47. a6 Kxc6 48. a7 1-0

[Event "*** Titled Tuesday Blitz"]
[Site "Chess.com"]
[Date "2020.05.26"]
[Round "6"]
[White "SGchess01"]
[Black "heartofatiger"]
[Result "1-0"]
[WhiteElo "2758"]
[BlackElo "2496"]
[TimeControl "180+1"]
[EndTime "11:05:35 PDT"]
[Termination "SGchess01 won by resignation"]

1. e4 Nf6 2. e5 Nd5 3. d4 d6 4. Nf3 c6 5. Be2 dxe5 6. Nxe5 Bf5 7. O-O e6 8. c4 Nf6 9. Nc3 Nbd7 10.
Qb3 Qc8 11. Nxd7 Nxd7 12. f4 h5 13. Be3 Be7 14. Bf3 h4 15. h3 Nf6 16. Rac1 Kf8 17. d5 g6 18. Qa4 cxd5 19. cxd5 Bc5 20. Nd1 Bxe3+ 21. Nxe3 Qb8 22. Qd4 Kg7 23. d6 Qd8 24. Rc7 Rf8 25. Rxb7 Kg8 26. Re7 Ne8 27. Bxa8 1-0

[Event "*** Titled Tuesday Blitz"]
[Site "Chess.com"]
[Date "2020.05.26"]
[Round "6"]
[White "Ceejay271"]
[Black "Matveev_Vladimir"]
[Result "0-1"]
[WhiteElo "2401"]
[BlackElo "2565"]
[TimeControl "180+1"]
[EndTime "11:05:36 PDT"]
[Termination "Matveev_Vladimir won by resignation"]

1. d4 Nf6 2. c4 g6 3. Nc3 Bg7 4. e4 O-O 5. Nf3 d6 6. Be2 e5 7. d5 a5 8. Bg5 h6 9. Be3 Ng4 10. Bd2 f5 11. h3 Nf6 12. exf5 gxf5 13. Qc1 f4 14. g3 e4 15. Nh4 e3 16. fxe3 fxg3 17.
Ng6 Rf7 18. Nf4 Bf5 19. Rg1 Ne4 20. Nxe4 Bxe4 21. Rxg3 Qh4 22. Kf2 Nd7 23. Bf3 Bxf3 24. Kxf3 Ne5+ 25. Kg2 Raf8 26. Qc2 Rf5 27. Rf1 Rg5 28.
Rxg5 hxg5 29. Ne2 Rxf1 30. Kxf1 Qxh3+ 31. Kf2 Ng4+ 0-1

[Event "*** Titled Tuesday Blitz"]
[Site "Chess.com"]
[Date "2020.05.26"]
[Round "6"]
[White "jacky72"]
[Black "vladislavkovalev"]
[Result "0-1"]
[WhiteElo "2657"]
[BlackElo "2884"]
[TimeControl "180+1"]
[EndTime "11:05:38 PDT"]
[Termination "vladislavkovalev won by resignation"]

1. d4 Nf6 2. c4 e6 3. Nf3 d5 4. Nc3 Be7 5. cxd5 exd5 6. Bg5 h6 7. Bh4 c6 8. Qc2 g6 9. e3 Bf5 10. Bd3 Bxd3 11. Qxd3 Na6 12. O-O Nc7 13. Ne5 O-O 14.
f4 Kg7 15. f5 g5 16. Be1 Nce8 17. h4 Nd6 18. Nf3 Nde4 19. Qe2 Bd6 20. Nxe4 Nxe4 21. Nd2 Nf6 22. Nf3 Rh8 23. b4 a6 24. a4 Qe7 25.
Rb1 Ne4 26. Rb3 f6 27. Nd2 Rae8 28. Nxe4 dxe4 29. Qb5 axb5 0-1

[Event "*** Titled Tuesday Blitz"]
[Site "Chess.com"]
[Date "2020.05.26"]
[Round "6"]
[White "Joshukid"]
[Black "XiaoKangZhong"]
[Result "1-0"]
[WhiteElo "2628"]
[BlackElo "2432"]
[TimeControl "180+1"]
[EndTime "11:05:38 PDT"]
[Termination "Joshukid won by resignation"]

1. d4 Nf6 2. Nc3 d5 3. Bf4 Bf5 4. e3 e6 5. f3 Bd6 6. Nge2 O-O 7. g4 Bg6 8. h4 h5 9. g5 Nfd7 10. Bxd6 cxd6 11. Nf4 Nc6 12. Bh3 Re8 13. Nxg6 fxg6 14. Qd3 Nf8 15. a3 e5 16. O-O-O e4 17. Qb5 exf3 18.
Qxd5+ Kh7 19. Qxf3 Qc7 20. Nd5 Qa5 21. Qf7 Kh8 22. Nf6 gxf6 23. gxf6 Ne6 24. Bxe6 Rg8 25. Qxb7 Nd8 26. Qxa8 Nxe6 27. Qe4 Nd8 28. Rhg1 d5 29.
Qe5 Nf7 30. Qe7 1-0

[Event "*** Titled Tuesday Blitz"]
[Site "Chess.com"]
[Date "2020.05.26"]
[Round "6"]
[White "Giraffe_Chess"]
[Black "DenLaz"]
[Result "1/2-1/2"]
[WhiteElo "2420"]
[BlackElo "2642"]
[TimeControl "180+1"]
[EndTime "11:05:38 PDT"]
[Termination "Game drawn by repetition"]

1. d4 d5 2. c4 c6 3. Nf3 Nf6 4. Qc2 g6 5. Bf4 Bg7 6. e3 O-O 7. Nc3 e6 8. h3 b6 9. Be2 Bb7 10. O-O Nbd7 11. Rfd1 Re8 12. Rac1 a6 13. a4 c5 14. dxc5 bxc5 15. Qb3 Bc6 16. Ne5 Nxe5 17. Bxe5 dxc4 18. Qxc4 Qb6 19. Rd6 Qb7 20. Qxc5 Rac8 21. Qa5 Bxg2 22. Rb6 Qa8 23. Rxa6 Qb7 24. Rb6 Qa8 25.
Ra6 Qb7 26. Ra7 Qc6 27. Ra6 Qb7 1/2-1/2

[Event "*** Titled Tuesday Blitz"]
[Site "Chess.com"]
[Date "2020.05.26"]
[Round "6"]
[White "Andreikka"]
[Black "Artem_Sadovsky"]
[Result "1-0"]
[WhiteElo "2918"]
[BlackElo "2517"]
[TimeControl "180+1"]
[EndTime "11:05:42 PDT"]
[Termination "Andreikka won by resignation"]

1. d4 g6 2. e4 Bg7 3. Nf3 d6 4.
Bc4 e6 5. Qe2 Ne7 6. Bb3 h6 7. O-O g5 8. c3 Nd7 9. Nbd2 Ng6 10. Rd1 g4 11. Ne1 h5 12. Nf1 Bh6 13.
Bxh6 Rxh6 14. Qe3 Rh8 15. f4 Qf6 16. Nd3 b6 17. e5 Qe7 18. Ba4 a6 19. Bc6 Ra7 20.
Nd2 d5 21. c4 Bb7 22. Bxb7 Rxb7 23. cxd5 exd5 24. f5 Nh4 25. Rf1 c5 26. Rae1 c4 27. f6 Qe6 28. Nf4 Qc6 29. e6 Nxf6 30. Qe5 Rh6 31. Qg5 1-0

[Event "*** Titled Tuesday Blitz"]
[Site "Chess.com"]
[Date "2020.05.26"]
[Round "6"]
[White "bsnsun"]
[Black "emiliocordova"]
[Result "0-1"]
[WhiteElo "2480"]
[BlackElo "2721"]
[TimeControl "180+1"]
[EndTime "11:05:44 PDT"]
[Termination "emiliocordova won by checkmate"]

1. Nf3 b6 2. c4 Bb7 3. Nc3 Nf6 4.
g3 e6 5. Bg2 c5 6. d4 cxd4 7. Qxd4 d6 8. O-O a6 9. e4 Nbd7 10. b3 Be7 11. Bb2 O-O 12. Rad1 Qb8 13. Rfe1 Rd8 14. Qe3 b5 15. cxb5 axb5 16. Nxb5 Rxa2 17.
Ba1 Ng4 18. Qd4 e5 19. Qb4 Bc6 20. Bf1 Rxf2 21. Nd2 Qb6 22. Nc4 Rxf1+ 23. Kxf1 Qf2# 0-1

[Event "*** Titled Tuesday Blitz"]
[Site "Chess.com"]
[Date "2020.05.26"]
[Round "6"]
[White "powermove"]
[Black "semchik73"]
[Result "0-1"]
[WhiteElo "1750"]
[BlackElo "2192"]
[TimeControl "180+1"]
[EndTime "11:05:46 PDT"]
[Termination "semchik73 won by resignation"]

1. Nf3 d5 2. g3 c6 3. Bg2 Nf6 4. O-O g6 5. d3 Bg7 6. Nbd2 O-O 7. e4 Nbd7 8. Qe2 e5 9. h3 Re8 10. a4 a5 11. Re1 Nc5 12. Qe3 d4 13. Qe2 Nfd7 14.
Nc4 Qc7 15. Nh2 b5 16. axb5 cxb5 17. Na3 Ba6 18. f4 b4 19. Nc4 Bxc4 20. dxc4 Ne6 21. f5 Nec5 22. Ng4 a4 23. f6 Nxf6 24. Nh6+ Kh8 25. Rf1 Rf8 26. g4 Ne6 27. g5 Nh5 28.
Qf2 Nhf4 29. Bxf4 Nxf4 30. Bf3 Nxh3+ 0-1

[Event "*** Titled Tuesday Blitz"]
[Site "Chess.com"]
[Date "2020.05.26"]
[Round "6"]
[White "H3nriqueTV"]
[Black "pedro_nascimento85"]
[Result "1-0"]
[WhiteElo "2197"]
[BlackElo "1870"]
[TimeControl "180+1"]
[EndTime "11:05:50 PDT"]
[Termination "H3nriqueTV won by resignation"]

1. e4 e6 2. d4 d5 3. e5 c5 4. c3 Nc6 5. Nf3 Qb6 6. Bd3 Bd7 7. O-O cxd4 8. cxd4 Nxd4 9. Nbd2 Nxf3+ 10. Nxf3 Ne7 11. Be3 Qd8 12. Ng5 Ng6 13. f4 Be7 14. Qh5 Bxg5 15.
fxg5 O-O 16. Rf6 a6 17. Raf1 Bb5 18. Bxb5 axb5 19. R1f3 Re8 20. Rxf7 Re7 21. R7f6 gxf6 22. gxf6 Rf7 23. Rg3 d4 24. Rxg6+ hxg6 25. Qxg6+ Kf8 26. Bh6+ Ke8 27. Qg8+ Kd7 28. Qxf7+ Kc8 29. Qxe6+ Qd7 30. Qg8+ Qd8 31. f7 Kc7 32. f8=Q Qxf8 33. Bxf8 1-0

[Event "*** Titled Tuesday Blitz"]
[Site "Chess.com"]
[Date "2020.05.26"]
[Round "6"]
[White "TheoSlade"]
[Black "dosto07"]
[Result "0-1"]
[WhiteElo "2328"]
[BlackElo "2159"]
[TimeControl "180+1"]
[EndTime "11:05:51 PDT"]
[Termination "dosto07 won by checkmate"]

1. d4 d5 2. c4 dxc4 3. e4 e5 4. Nf3 exd4 5. Bxc4 Nc6 6. O-O Be6 7. Bb5 Bc5 8. Nbd2 Bd7 9. Nb3 Bb6 10. Bxc6 Bxc6 11.
Nbxd4 Ne7 12. Bg5 Qd7 13. Bxe7 Qxe7 14. Nxc6 bxc6 15. Qa4 O-O 16. Qxc6 Rad8 17. Rad1 Rd6 18. Rxd6 cxd6 19. Rd1 Re8 20. Rxd6 Qxe4 21. Qxe4 Rxe4 22. Kf1 h6 23. Rd2 Rc4 24. Ke2 g5 25. Ne5 Re4+ 26.
Kf3 Rxe5 27. b4 Kg7 28. a4 Rf5+ 29. Kg3 Rf4 30. a5 Bd4 31. b5 Bc3 32. Ra2 Be5 33.
Kh3 Rh4# 0-1

[Event "*** Titled Tuesday Blitz"]
[Site "Chess.com"]
[Date "2020.05.26"]
[Round "6"]
[White "crescentmoon2411"]
[Black "Sadykov_Ramil"]
[Result "1-0"]
[WhiteElo "2757"]
[BlackElo "2491"]
[TimeControl "180+1"]
[EndTime "11:05:52 PDT"]
[Termination "crescentmoon2411 won by resignation"]

1. e4 c5 2. c3 Nf6 3. e5 Nd5 4. Bc4 Nb6 5. Bb3 d5 6. d4 cxd4 7. cxd4 Nc6 8. Nc3 Bf5 9. Nge2 e6 10. Ng3 Bg6 11. h4 h5 12. Bg5 Be7 13. Bxe7 Qxe7 14. Nce2 Rc8 15. Rc1 Qb4+ 16. Qd2 Qxd2+ 17. Kxd2 Ke7 18.
Rc3 Na5 19. Rhc1 Nxb3+ 20. axb3 Rxc3 21. Rxc3 Rc8 22. Rxc8 Nxc8 23. Nf4 Bb1 24. Ngxh5 g6 25. Nf6 Nb6 26. Kc1 Ba2 27. Kc2 a5 28. g4 a4 29. bxa4 Nxa4 30. b3 Nb6 1-0

[Event "*** Titled Tuesday Blitz"]
[Site "Chess.com"]
[Date "2020.05.26"]
[Round "6"]
[White "Gennady_Kozlov"]
[Black "SameerMujumdar"]
[Result "1-0"]
[WhiteElo "2562"]
[BlackElo "2316"]
[TimeControl "180+1"]
[EndTime "11:05:54 PDT"]
[Termination "Gennady_Kozlov won by resignation"]

1. b3 Nf6 2. Bb2 d6 3. e3 Nbd7 4. f4 e5 5. Nf3 exf4 6. exf4 Be7 7. Be2 O-O 8. O-O Re8 9. Qe1 Nf8 10. Bd3 Ng6 11. Bxg6 fxg6 12. Nc3 Bf5 13. d3 c6 14. Nd4 Bd7 15. Qd2 Bf8 16. Rae1 c5 17. Nf3 Bc6 18. Ng5 Qd7 19. Nce4 Nxe4 20. Nxe4 Re6 21. Ng5 Rxe1 22. Rxe1 Re8 23. Kf2 h6 24. Rxe8 Qxe8 25. Nf3 Qe6 26. Qe3 Qxe3+ 27. Kxe3 Kf7 28. g3 Be7 29. Nd2 b5 30. d4 Bf6 31. Kd3 Bg2 32. c4 a6 33. Bc3 b4 34. Bb2 a5 35. Ke3 g5 36.
Kf2 Bb7 37. Ke3 gxf4+ 38. gxf4 Kg6 39. Ne4 Bxe4 40. Kxe4 Bxd4 41. Bxd4 cxd4 42. Kxd4 Kf5 43.
Kd5 Kxf4 44. Kxd6 g5 45. c5 h5 46. c6 g4 47. c7 h4 48. c8=Q g3 1-0

[Event "*** Titled Tuesday Blitz"]
[Site "Chess.com"]
[Date "2020.05.26"]
[Round "6"]
[White "kuban1991"]
[Black "DariaVoit"]
[Result "1-0"]
[WhiteElo "2715"]
[BlackElo "2497"]
[TimeControl "180+1"]
[EndTime "11:05:56 PDT"]
[Termination "kuban1991 won by resignation"]

1. Nf3 Nf6 2. g3 g6 3. Bg2 Bg7 4. O-O O-O 5. c4 c6 6. Nc3 d5 7. cxd5 cxd5 8. d4 Nc6 9. Bf4 h6 10. Rc1 g5 11. Be3 Bf5 12. Ne5 Rc8 13. f4 g4 14. Bf2 e6 15. e3 h5 16. Qb3 Na5 17.
Qa3 a6 18. Rfd1 Re8 19. Bf1 Bf8 20. Qa4 b5 21. Nxb5 Rxc1 22. Rxc1 axb5 23. Bxb5 Re7 24. Be1 Ra7 25. b4 Rc7 26. Qxa5 Rxc1 27. Qxd8 Rxe1+ 28. Kf2 Ra1 29. Qxf6 Rxa2+ 30. Be2 1-0

[Event "*** Titled Tuesday Blitz"]
[Site "Chess.com"]
[Date "2020.05.26"]
[Round "6"]
[White "MiroVlasenko"]
[Black "Onischuk_V"]
[Result "0-1"]
[WhiteElo "2674"]
[BlackElo "2894"]
[TimeControl "180+1"]
[EndTime "11:05:58 PDT"]
[Termination "Onischuk_V won by resignation"]

1. e4 d6 2. Nc3 Nf6 3. f4 g6 4. Nf3 Bg7 5. d4 O-O 6. Bd3 Na6 7. O-O c5 8. d5 Bg4 9. h3 Bxf3 10.
Qxf3 Nb4 11. a3 Nxd3 12. cxd3 Qb6 13. Qf2 Nd7 14. Be3 Qb3 15. h4 Nf6 16. Qe2 h5 17.
Kh1 Ng4 18. Bg1 Bxc3 19. bxc3 Qxc3 20. e5 dxe5 21. Rac1 Qb3 22. Rxc5 Rad8 23. f5 Rxd5 24. fxg6 Rxc5 25. gxf7+ Rxf7 26. Bxc5 b6 27. Bg1 Rxf1 28. Qxf1 Qf7 29. Qc1 Qf6 30. Qe1 Kg7 31. a4 a6 32. Qg3 b5 33. axb5 axb5 0-1

[Event "*** Titled Tuesday Blitz"]
[Site "Chess.com"]
[Date "2020.05.26"]
[Round "6"]
[White "Revnov"]
[Black "BocharovD"]
[Result "1-0"]
[WhiteElo "2714"]
[BlackElo "2823"]
[TimeControl "180+1"]
[EndTime "11:05:59 PDT"]
[Termination "Revnov won by resignation"]

1. b3 c5 2. Bb2 Nc6 3. e3 Nf6 4. Nf3 d6 5. Bb5 Bd7 6. Nc3 a6 7. Bxc6 Bxc6 8. d4 cxd4 9. Nxd4 Bxg2 10. Rg1 Bc6 11. Nxc6 bxc6 12. Qf3 Qc7 13. O-O-O e6 14. h4 O-O-O 15. h5 h6 16. Na4 d5 17. Kb1 e5 18.
Qf5+ Nd7 19. c4 dxc4 20. Bxe5 Qa5 21. Rxd7 Rxd7 22. Rd1 Bd6 23. Rxd6 1-0

[Event "*** Titled Tuesday Blitz"]
[Site "Chess.com"]
[Date "2020.05.26"]
[Round "6"]
[White "gena217"]
[Black "Gabix_94"]
[Result "1/2-1/2"]
[WhiteElo "2854"]
[BlackElo "2922"]
[TimeControl "180+1"]
[EndTime "11:06:01 PDT"]
[Termination "Game drawn by agreement"]

1. e4 e5 2. Nf3 Nc6 3. Bb5 a6 4. Ba4 Nf6 5. O-O b5 6. Bb3 Bb7 7. d3 Be7 8. a4 O-O 9. Nc3 Na5 10. Ba2 b4 11. Ne2 b3 12. cxb3 d5 13. Nxe5 dxe4 14. dxe4 Nxe4 15. Be3 Bd6 16. Nc4 Nxc4 17. bxc4 Qf6 18.
Ng3 Rad8 19. Qg4 Rfe8 20. Nh5 Qg6 21. Qxg6 hxg6 22. Ng3 Nxg3 23. hxg3 Bxg3 24. b4 Be5 25. Rad1 Be4 26. Bb1 Bxb1 27. Rxb1 Rd3 28. Rfd1 Ra3 29. a5 Rb8 30. Bc5 g5 31. g3 g4 32.
Kg2 f6 1/2-1/2

[Event "*** Titled Tuesday Blitz"]
[Site "Chess.com"]
[Date "2020.05.26"]
[Round "6"]
[White "binbin239"]
[Black "cukin84"]
[Result "1-0"]
[WhiteElo "2402"]
[BlackElo "2179"]
[TimeControl "180+1"]
[EndTime "11:06:02 PDT"]
[Termination "binbin239 won by resignation"]

1. d4 f5 2. g3 Nf6 3. Bg2 g6 4.
c3 Bg7 5. Nh3 d6 6. Nf4 O-O 7.
Qb3+ Kh8 8. Bxb7 Bxb7 9. Qxb7 Nbd7 10. Ne6 Qe8 11. Nxf8 Qxf8 12. O-O c5 13. Be3 a5 14. dxc5 Rb8 15. Qa6 dxc5 16. Nd2 e5 17. Nc4 f4 18.
Bd2 g5 19. Qd6 Qf7 20. Nxe5 Nxe5 21. Qxb8+ Ng8 22. Rad1 Ng4 23. Qc8 Qh5 24. h4 gxh4 25. Bxf4 h3 26. Rd8 h2+ 27. Kh1 Nf6 28. Qe6 c4 29. Be5 Qxe2 30. Rxg8+ Nxg8 31. Bxg7+ Kxg7 32. Qxe2 1-0

[Event "*** Titled Tuesday Blitz"]
[Site "Chess.com"]
[Date "2020.05.26"]
[Round "6"]
[White "Artem_Koval"]
[Black "suyu28"]
[Result "0-1"]
[WhiteElo "2416"]
[BlackElo "2618"]
[TimeControl "180+1"]
[EndTime "11:06:03 PDT"]
[Termination "suyu28 won on time"]

1. e4 e5 2. d4 exd4 3. Bc4 Nf6 4. Nf3 Nxe4 5. Qxd4 Nf6 6. Nc3 c6 7. Bg5 d5 8. O-O-O Be7 9. Rhe1 Be6 10. Qh4 Nbd7 11.
Bd3 h6 12. Rxe6 fxe6 13. Bg6+ Kf8 14. Re1 Kg8 15. Bd2 Bd6 16. Rxe6 Nf8 17. Bf5 Nxe6 18. Bxe6+ Kf8 19. Ne2 Ne4 20. Qh5 Qf6 21. Ned4 Nxd2 22. Kxd2 c5 0-1

[Event "*** Titled Tuesday Blitz"]
[Site "Chess.com"]
[Date "2020.05.26"]
[Round "6"]
[White "nitpicker"]
[Black "ChessMavenYeti"]
[Result "1-0"]
[WhiteElo "2286"]
[BlackElo "2098"]
[TimeControl "180+1"]
[EndTime "11:06:03 PDT"]
[Termination "nitpicker won by checkmate"]

1. d4 e6 2. c4 Nf6 3. g3 c5 4.
d5 exd5 5. cxd5 d6 6. Nc3 g6 7.
Bg2 Bg7 8. Nf3 O-O 9. O-O Re8 10. Bf4 Ne4 11. Nxe4 Rxe4 12. Nd2 Rb4 13. Rb1 Rxb2 14. Rxb2 Bxb2 15. Nc4 Bd4 16. Nxd6 Nd7 17. Qd2 Ne5 18. e3 Qxd6 19. exd4 cxd4 20. Qxd4 f6 21. Re1 Bf5 22. Bxe5 fxe5 23. Rxe5 Rc8 24. h3 Rc1+ 25. Kh2 Rc2 26.
Re8+ Kf7 27. Qh8 Bd7 28. Qg8+ Kf6 29. Rf8+ Kg5 30. Qxh7 Qxf8 31. Qh4+ Kf5 32. Qf4# 1-0

[Event "*** Titled Tuesday Blitz"]
[Site "Chess.com"]
[Date "2020.05.26"]
[Round "6"]
[White "chiwii"]
[Black "Tsyhanchuk_Stanislav"]
[Result "0-1"]
[WhiteElo "2225"]
[BlackElo "2430"]
[TimeControl "180+1"]
[EndTime "11:06:04 PDT"]
[Termination "Tsyhanchuk_Stanislav won by resignation"]

1. e4 c5 2. Nf3 Nc6 3. d4 cxd4 4.
Nxd4 Qb6 5. Nxc6 dxc6 6. Bd3 e5 7. O-O Nf6 8. Nc3 Be7 9. Kh1 O-O 10. h3 Be6 11. f4 exf4 12. Bxf4 Qxb2 13. Be5 Nd7 14. Nd5 Qxe5 15. Nxe7+ Kh8 16. Nf5 g6 17. Ne3 Rad8 18.
Qe2 Nc5 19. Rab1 b5 20. Rb4 a5 21. Rbb1 Nxe4 22. Bxe4 Qxe4 23. Qf2 f5 24. Rbe1 Bxa2 25. Ng4 Qd4 26. Ne3 f4 27. Ng4 Qxf2 28. Rxf2 Bd5 29. Ne5 Kg7 30. Nd3 f3 31. g4 Rde8 32. Ref1 Re2 33.
Nf4 Rxf2 34. Rxf2 0-1

[Event "*** Titled Tuesday Blitz"]
[Site "Chess.com"]
[Date "2020.05.26"]
[Round "6"]
[White "Djager97"]
[Black "Alexandercs432"]
[Result "1-0"]
[WhiteElo "2391"]
[BlackElo "2126"]
[TimeControl "180+1"]
[EndTime "11:06:07 PDT"]
[Termination "Djager97 won by resignation"]

1. e4 e5 2. Nf3 Nf6 3. Nc3 Nc6 4. d4 exd4 5. Nxd4 Bb4 6. Nxc6 bxc6 7. Bd3 d5 8. exd5 cxd5 9. O-O O-O 10. h3 c6 11.
Qf3 Bd6 12. Re1 Rb8 13. b3 Re8 14. Rxe8+ Qxe8 15. Bf4 Bxf4 16. Qxf4 Bd7 17. Qd4 Ra8 18. Na4 h6 19. Nc5 Qe7 20. a4 a5 21.
Qc3 Ne4 22. Bxe4 dxe4 23. Re1 f5 24. f3 Be8 25. fxe4 fxe4 26. Rxe4 Qg5 27. Ne6 Qg6 28. Rg4 1-0

[Event "*** Titled Tuesday Blitz"]
[Site "Chess.com"]
[Date "2020.05.26"]
[Round "6"]
[White "Walter_White_Poland"]
[Black "tamarozi99"]
[Result "1-0"]
[WhiteElo "2188"]
[BlackElo "1995"]
[TimeControl "180+1"]
[EndTime "11:06:07 PDT"]
[Termination "Walter_White_Poland won by resignation"]

1. e4 c5 2. Nf3 Nc6 3. d4 cxd4 4. Nxd4 g6 5. c4 d6 6. Nc3 Nf6 7. Be2 Nxd4 8. Qxd4 Bg7 9. Be3 O-O 10. Qd2 a5 11. Rb1 a4 12. f3 Bd7 13. b4 axb3 14. axb3 Qa5 15. Nd5 Nxd5 16. Qxa5 Rxa5 17. cxd5 Bc3+ 18. Kf2 Ra2 19. Rhc1 Bb4 20. Kf1 Rfa8 21. Rc7 Bc8 22. Rbc1 Bh3 23. gxh3 R8a4 24. bxa4 1-0

[Event "*** Titled Tuesday Blitz"]
[Site "Chess.com"]
[Date "2020.05.26"]
[Round "6"]
[White "SaraciNderim"]
[Black "DrBergerBerger"]
[Result "1-0"]
[WhiteElo "2755"]
[BlackElo "2356"]
[TimeControl "180+1"]
[EndTime "11:06:09 PDT"]
[Termination "SaraciNderim won on time"]

1. b3 d5 2. Bb2 Bg4 3. d4 e6 4. Nd2 Nf6 5. Ngf3 Bd6 6. e3 O-O 7. Bd3 c5 8. h3 Bh5 9. O-O Nc6 10. a3 Qe7 11. dxc5 Bxc5 12. b4 Bb6 13. c4 dxc4 14. Nxc4 Rfd8 15. Qc2 Bxf3 16. gxf3 Rac8 17. Rad1 Bc7 18.
Qb1 b5 19. Bxf6 Qxf6 20. Bxh7+ Kh8 21. Be4 bxc4 22. Bxc6 Qg5+ 23. Kh1 Qh5 24. f4 Qxh3+ 25. Kg1 Rxd1 26. Rxd1 c3 27. Bg2 Qg4 28. Qc2 Bb6 29.
Rd3 g6 30. Rxc3 Rxc3 31. Qxc3+ Kh7 32. Qd2 Qf5 33. a4 Qb1+ 34. Bf1 Qb3 35. a5 Bc7 36.
Qd7 Qc2 37. Qxf7+ 1-0

[Event "*** Titled Tuesday Blitz"]
[Site "Chess.com"]
[Date "2020.05.26"]
[Round "6"]
[White "Ziachess74"]
[Black "MichailovM"]
[Result "0-1"]
[WhiteElo "2598"]
[BlackElo "2426"]
[TimeControl "180+1"]
[EndTime "11:06:10 PDT"]
[Termination "MichailovM won by resignation"]

1. d4 Nf6 2. Bg5 d5 3. e3 e6 4. Nd2 c5 5. c3 Nc6 6. Bd3 Bd6 7. f4 cxd4 8. exd4 h6 9. Bxf6 Qxf6 10. g3 Bd7 11. Ne2 O-O-O 12. Nf3 Kb8 13. Qd2 Rc8 14.
Ne5 Be8 15. O-O-O Qe7 16. Kb1 Na5 17. Nc1 Qc7 18. Rde1 h5 19. Bc2 h4 20. Ncd3 f6 21. Nf3 hxg3 22. hxg3 Rxh1 23. Rxh1 Bg6 24. Re1 Be4 25.
Qe2 Nc4 26. Bb3 Nxb2 27. Bc2 Qxc3 28. Nxb2 Bxc2+ 29. Ka1 Ba3 0-1

[Event "*** Titled Tuesday Blitz"]
[Site "Chess.com"]
[Date "2020.05.26"]
[Round "6"]
[White "Konek-Gorbunok"]
[Black "CHESSMASTER759"]
[Result "0-1"]
[WhiteElo "2251"]
[BlackElo "2654"]
[TimeControl "180+1"]
[EndTime "11:06:11 PDT"]
[Termination "CHESSMASTER759 won by resignation"]

1. d4 Nf6 2. Nf3 e6 3. g3 c5 4. Bg2 cxd4 5. O-O a6 6. Nxd4 Qc7 7. b3 Be7 8. c4 O-O 9. Bb2 d6 10. Nc3 Nc6 11. Rc1 Ne5 12. Qd2 Bd7 13. Rfd1 Rfe8 14. Nf3 Nxf3+ 15. Bxf3 Rad8 16. Ba3 Bc8 17. Bb2 b6 18.
Ne4 Nxe4 19. Bxe4 Bb7 20. Qd3 h6 21. Bxb7 Qxb7 22. e4 Bf8 23. f3 Rc8 24. Bd4 b5 25. cxb5 axb5 26. a4 Rxc1 27. Rxc1 bxa4 28. bxa4 Qb4 29.
Qc4 Qa3 30. Kg2 d5 31. exd5 exd5 32. Qxd5 Qxc1 0-1